 Dungeon Crawl Stone Soup version 0.28-a0-657-g71136c5590 (webtiles) character file.

Game seed: 14743692046175012722

40 tilp the Magician (level 3, 0/25 HPs)
             Began as a Gnoll Hedge Wizard on Oct 13, 2021.
             Was a Plaything of Xom.
             Succumbed to an adder's poison
             ... on level 2 of the Dungeon.
             The game lasted 00:03:31 (1857 turns).

tilp the Magician (Gnoll Hedge Wizard)              Turns: 1857, Time: 00:03:33

Health: 0/25       AC:  2    Str:  9    XL:     3   Next: 50%
Magic:  11/11      EV: 13    Int: 14    God:    Xom [..*...]
Gold:   56         SH:  0    Dex: 11    Spells: 9/16 levels left

rFire   . . .      SeeInvis +   a - +1 short sword (elec)
rCold   . . .      Faith    +   (no shield)
rNeg    . . .      Spirit   .   h - +0 robe
rPois   .          Reflect  .   c - +0 hat
rElec   .          Harm     .   (no cloak)
rCorr   .          Rampage  .   (no gloves)
Will    .....                   (no boots)
Stlth   ++........              k - amulet of faith
HPRegen 0.08/turn               i - ring of see invisible
MPRegen 0.12/turn               (no ring)

@: lethally poisoned (0 -> -12), hasted, very quick
A: fangs 1, strong nose, distributed training
a: Renounce Religion


You were on level 2 of the Dungeon.
You worshipped Xom.
You were a toy of Xom.
You visited 1 branch of the dungeon, and saw 2 of its levels.

You collected 56 gold pieces.

Inventory:

Hand Weapons
 a - a +1 short sword of electrocution (weapon)
 b - a +0 dagger
 l - a +0 hand axe
Missiles
 d - 73 sling bullets
 f - 18 stones
 j - 26 arrows
Armour
 c - a +0 hat (worn)
 h - a +0 robe (worn)
Jewellery
 i - a ring of see invisible (left hand)
 k - an amulet of faith (around neck)
Scrolls
 e - a scroll of immolation {unknown}


   Skills:
 + Level 0.8 Fighting
 + Level 0.8 Short Blades
 + Level 0.8 Long Blades
 + Level 0.8 Axes
 + Level 0.8 Maces & Flails
 + Level 0.8 Polearms
 + Level 0.8 Staves
 + Level 0.8 Slings
 + Level 0.8 Bows
 + Level 0.8 Crossbows
 + Level 0.8 Throwing
 + Level 0.8 Armour
 + Level 4.5 Dodging
 + Level 4.1 Stealth
 + Level 0.8 Shields
 + Level 0.8 Unarmed Combat
 + Level 7.1 Spellcasting
 + Level 2.1 Conjurations
 + Level 0.5 Hexes
 + Level 2.1 Summonings
 + Level 0.5 Necromancy
 + Level 2.1 Translocations
 + Level 0.5 Transmutations
 + Level 0.5 Fire Magic
 + Level 0.5 Ice Magic
 + Level 0.5 Air Magic
 + Level 0.5 Earth Magic
 + Level 0.5 Poison Magic
 + Level 1.0 Invocations
 + Level 0.8 Evocations


You had 9 spell levels left.
You knew the following spells:

 Your Spells              Type           Power      Damage    Failure   Level
a - Magic Dart            Conj           44%        1d5       6%          1
b - Call Imp              Summ           11%        N/A       9%          2
c - Blink                 Tloc           N/A        N/A       9%          2
d - Slow                  Hex            6%         N/A       17%         2

Your spell library contained the following spells:

 Spells                   Type           Power      Damage    Failure   Level
 Conjure Flame            Conj/Fire      8%         6-21      24%         3
 Mephitic Cloud           Conj/Pois/Air  8%         N/A       26%         3


Dungeon Overview and Level Annotations

Branches:
Dungeon (2/15)

Altars:
Xom

Annotations:
D:2 Sigmund


Innate Abilities, Weirdness & Mutations

You have very sharp teeth.
Your uncanny sense of smell can sniff out nearby items.
Your experience applies equally to all skills.


Message History

You kill the ball python!
A dart slug comes into view.
Found a scale mail and a scroll labelled IQO KOENICAS.
Unknown command.
A dart slug is nearby! 2 adders come into view.
Found 20 stones and a scroll of identify.
The adder hisses angrily. x2
You miss the adder. Your bite misses the adder. The adder bites you.
You hit the adder. Lightning courses through the adder!
The adder is severely wounded.
The adder completely misses you. The adder bites you.
You are poisoned.
The adder poisons you!
You barely miss the adder.
The adder is severely wounded.
You feel sick. The adder bites you. x3
* * * LOW HITPOINT WARNING * * *
You are lethally poisoned!
The adder poisons you!
Unknown command.
* * * LOW HITPOINT WARNING * * *
You feel very sick.
You feel yourself speed up.
* * * LOW HITPOINT WARNING * * *
You feel sick. The adder bites you.
* * * LOW HITPOINT WARNING * * *
You are more poisoned.
The adder poisons you! The adder misses you.
Unknown command.
You aren't carrying any potions.
Unknown command.
You miss the adder. Your bite misses the adder.
The adder is severely wounded.
* * * LOW HITPOINT WARNING * * *
You feel sick. The adder closely misses you.
You hit the adder.
The adder is almost dead.
You die...
Xom cackles wildly!

# .♣♣
♣♣.♣ # ♣
♣.♣♣ #
♣♣.♣ #
♣.♣♣ #
♣♣.♣ #
♣.♣♣ #
♣♣ ♣♣.♣
#
♣.♣♣.♣♣
# ♣SS@♣♣
#
♣..w♣♣♣
# ♣[..(
# ♣.?..
# ♣....
# ♣♣.?♣
# ♣♣♣ ##
.#######


You could see 2 adders and a dart slug.

Vanquished Creatures
  An adder (D:2)
  4 ball pythons
  2 bats (D:1)
  5 endoplasms
  2 giant cockroaches
  3 goblins
  2 hobgoblins
  2 jackals (D:1)
  A kobold (D:2)
  A frilled lizard (D:1)
  3 rats
  A spectral goblin (D:1)
27 creatures vanquished.

Notes
Turn   | Place    | Note
-------+----------+-------------------------------------------
     0 | D:1      | tilp the Gnoll Hedge Wizard began the quest for the Orb.
     0 | D:1      | Reached XP level 1. HP: 13/13 MP: 8/8
   235 | D:1      | Reached XP level 2. HP: 19/19 MP: 2/10
   363 | D:1      | Found a faded altar of an unknown god.
   373 | D:1      | Prayed at the altar of an unknown god.
   373 | D:1      | Became a worshipper of Xom the Capricious
   561 | D:1      | XOM: divination: magic mapping
   919 | D:1      | XOM: cloud trail
  1383 | D:1      | Learned a level 2 spell: Blink
  1386 | D:1      | Learned a level 2 spell: Call Imp
  1389 | D:1      | Learned a level 2 spell: Slow
  1456 | D:2      | XOM: potion effect (invisibility)
  1459 | D:2      | Reached XP level 3. HP: 25/25 MP: 6/11
  1506 | D:2      | Noticed Sigmund
  1515 | D:2      | XOM: potion effect (haste)
  1726 | D:2      | XOM is BORED!
  1726 | D:2      | XOM: noise
  1738 | D:2      | Reached skill level 1 in Invocations
  1856 | D:2      | HP: 1/25 [poisoned by an adder]
  1857 | D:2      | Succumbed to an adder's poison

Illustrated notes

Levels and vault maps discovered:
D:1:      scummos_arrival_simple_crosswalls, layout_loops_ring,
          dreamdust_ecumenical_altar_drowned_temple,
          minmay_misc_feat_secret_circle, serial_bayou_pond_e,
          minmay_misc_feat_nine_boxes
D:2:      kb_forest_paths, layout_basic, uniq_sigmund

Skill      XL: |  1  2  3 |
---------------+----------+-----
Conjurations   | 2 |  2.1
Summonings     | 2 |  2.1
Translocations | 2 |  2.1
Invocations    | 1 |  1.0
Fighting       | |  0.8
Short Blades   | |  0.8
Long Blades    | |  0.8
Axes           | |  0.8
Maces & Flails | |  0.8
Polearms       | |  0.8
Staves         | |  0.8
Slings         | |  0.8
Bows           | |  0.8
Crossbows      | |  0.8
Throwing       | |  0.8
Armour         | |  0.8
Dodging        | |  4.5
Stealth        | |  4.1
Shields        | |  0.8
Unarmed Combat | |  0.8
Spellcasting   | |  7.1
Hexes          | |  0.5
Necromancy     | |  0.5
Transmutations | |  0.5
Fire Magic     | |  0.5
Ice Magic      | |  0.5
Air Magic      | |  0.5
Earth Magic    | |  0.5
Poison Magic   | |  0.5
Evocations     | |  0.8

Action                   || total
-------------------------++-------
Melee: Hand axe          ||    38
       Short sword       ||    10
 Cast: Magic Dart        ||    35
  Use: Scroll            ||     4
       Potion            ||     1
 Stab: Sleeping          ||     5
Armor: Robe              ||     7
Dodge: Dodged            ||    43

Table legend: (Time is in decaauts)
 A = Elapsed time spent in this place.
 B = Non-inter-level travel time spent in this place.
 C = Inter-level travel time spent in this place.
 D = Time resting spent in this place.
 E = Time spent auto-exploring this place.
 F = Levels seen in this place.
 G = Mean time per level.
                   A        B        C        D        E       F      G
               +--------+--------+--------+--------+--------+-----+--------+
         Total |   1858 |   1828 |     30 |      0 |   1565 |   2 |  929.0 |
       Dungeon |   1858 |   1828 |     30 |      0 |   1565 |   2 |  929.0 |
               +--------+--------+--------+--------+--------+-----+--------+

Top non-repeatable levels by time:
     D:1: 1430 daAuts
     D:2: 428 daAuts
